 Dungeon Crawl Stone Soup version 0.23.2-40-g277498a001 (webtiles) character file.

Game seed: 4248311438167825091

8851 FishyPogo the Fighter (level 11, -30/87 HPs)
             Began as a Demonspawn Necromancer on Aug 18, 2019.
             Was a High Priest of Kikubaaqudgha.
             Killed from afar by a fire dragon (42 damage)
             ... with a blast of flame
             ... on level 10 of the Dungeon.
             The game lasted 01:08:40 (12244 turns).

FishyPogo the Fighter (Demonspawn Necromancer)     Turns: 12244, Time: 01:08:41

Health: -30/87     AC:  5    Str:  8    XL:     11   Next: 15%
Magic:  14/20      EV: 18    Int: 19    God:    Kikubaaqudgha [*****.]
Gold:   491        SH:  0    Dex: 20    Spells: 6/22 levels left

rFire    . . .     SeeInvis +   a - +5 dagger (freeze)
rCold    . . .     Gourm    +   (no shield)
rNeg     . . .     Faith    .   (no armour)
rPois    +         Spirit   .   J - +1 hat {SInv}
rElec    .         Reflect  .   m - +0 cloak
rCorr    .         Harm     .   i - +0 pair of gloves
MR       ++...     Clarity  +   (no boots)
Stlth    ++........             h - amulet of the gourmand
HPRegen  0.24/turn              v - ring of poison resistance
MPRegen  0.17/turn              I - ring of Tension {+Fly Dex+5}

@: studying Dodging
A: hooves 2, molten scales 1, clarity, demonic guardian 1, magic resistance 2,
rot immunity
a: Receive Corpses, Torment, Renounce Religion, Evoke Flight


You were on level 10 of the Dungeon.
You worshipped Kikubaaqudgha.
Kikubaaqudgha was extremely pleased with you.
You were very full.

You visited 2 branches of the dungeon, and saw 11 of its levels.

You collected 563 gold pieces.
You spent 72 gold pieces at shops.

Inventory:

Hand Weapons
 a - a +5 dagger of freezing (weapon)
Missiles
 j - 283 stones (quivered)
 B - 2 throwing nets
Armour
 i - a +0 pair of gloves (worn)
 m - a +0 cloak (worn)
 u - a +0 robe of magic resistance
 J - a +1 hat of see invisible (worn)
Jewellery
 h - an amulet of the gourmand (around neck)
 t - an uncursed ring of protection from cold
 v - a ring of poison resistance (left hand)
 I - the ring of Tension (right hand) {+Fly Dex+5}
   (You found it on level 9 of the Dungeon)

   [ring of flight]

   It affects your dexterity (+5).
   It lets you fly.
Wands
 w - a wand of flame (12)
 C - a wand of random effects (18)
Scrolls
 b - 5 scrolls of enchant weapon {unknown}
 d - 4 scrolls of teleportation
 e - 2 scrolls of fear
 f - 8 scrolls of identify
 k - 9 scrolls of remove curse
 l - a scroll of blinking {unknown}
 p - 2 scrolls of immolation
 r - a scroll of magic mapping {unknown}
 x - a scroll of silence {unknown}
 y - 2 scrolls of fog {unknown}
 A - 2 scrolls of enchant armour
 E - a scroll of amnesia {unknown}
 G - a scroll of random uselessness {unknown}
Potions
 g - 2 potions of curing
 o - 2 potions of brilliance
 s - 2 potions of mutation
 z - a potion of lignification
 D - a potion of haste {unknown}
 F - a potion of magic {unknown}
 H - a potion of resistance {unknown}
 K - a potion of berserk rage
Books
 N - a manual of Dodging
Comestibles
 c - 23 rations


   Skills:
 - Level 8.8 Fighting
 - Level 5.1 Short Blades
   Level 0.1 Maces & Flails
 + Level 7.2 Dodging
 - Level 2.0 Stealth
 - Level 6.0 Spellcasting
 - Level 6.2 Hexes
 - Level 7.9 Necromancy
 - Level 4.2 Evocations


You had 6 spell levels left.
You knew the following spells:

 Your Spells              Type           Power        Failure   Level  Hunger
a - Pain                  Necr           ####         1%          1    None
b - Confuse               Hex            ####....     2%          3    ##.....
c - Vampiric Draining     Necr           #####.....   1%          3    ##.....
d - Animate Skeleton      Necr           N/A          1%          1    None
e - Sublimation of Blood  Necr           #####.....   1%          2    None
f - Animate Dead          Necr           N/A          4%          4    ####...
g - Slow                  Hex            ####....     1%          2    None

Your spell library contained the following spells:

 Spells                   Type           Power        Failure   Level  Hunger
 Confusing Touch          Hex            ####..       1%          1    None
 Corona                   Hex            ####...      1%          1    None
 Corpse Rot               Necr           N/A          1%          2    None
 Regeneration             Chrm/Necr      ###.......   7%          3    ##.....
 Cause Fear               Hex            ####......   9%          4    ####...
 Inner Flame              Hex/Fire       ###.....     10%         3    ##.....
 Portal Projectile        Hex/Tloc       ###...       10%         3    ##.....
 Apportation              Tloc           #.....       11%         1    None
 Summon Small Mammal      Summ           #...         11%         1    None
 Agony                    Necr           #####...     12%         5    #####..
 Dispel Undead            Necr           #####...     12%         5    #####..
 Leda's Liquefaction      Hex/Erth       ###.......   30%         4    ####...
 Gell's Gravitas          Tloc           #.........   32%         3    ##.....
 Bolt of Draining         Conj/Necr      ###.......   52%         5    #####..
 Borgnjor's Vile Clutch   Necr/Erth      ###.......   52%         5    #####..
 Metabolic Englaciation   Hex/Ice        ###.......   65%         5    #####..
 Yara's Violent Unravell  Hex/Tmut       ###.......   65%         5    #####..
 Ice Form                 Ice/Tmut       #.......     73%         4    ####...
 Petrify                  Tmut/Erth      #.......     73%         4    ####...
 Simulacrum               Ice/Necr       ###.......   98%         6    #######
 Bolt of Cold             Conj/Ice       #.........   100%        6    #######
 Freezing Cloud           Conj/Ice/Air   #.........   100%        6    #######
 Ozocubu's Refrigeration  Ice            #.........   100%        6    #######


Dungeon Overview and Level Annotations

Branches:
Dungeon (10/15)            Temple (1/1) D:6            Lair (0/6) D:9
    Orc: D:9-12

Altars:
Ashenzari
Fedhas
Hepliaklqana
Kikubaaqudgha
Nemelex Xobeh
Okawaru
Qazlal
Ru
Sif Muna
Trog
Xom
Yredelemnul
Zin
The Shining One

Shops:
D:8 *

Annotations:
D:10 Fannar, Urug


Innate Abilities, Weirdness & Mutations

You have hoof-like feet.
You are partially covered in molten scales. (AC +2)
A weak demonic guardian rushes to your aid.
You are immune to rotting.
You possess an exceptional clarity of mind.
You are highly resistant to hostile enchantments. (MR++)


Message History

Aim: a sky beast (hasn't noticed you)
The sky beast is moderately wounded.
You feel life coursing into your body.
The sky beast flickers out of sight for a moment.
The sky beast misses you.
Casting: Vampiric Draining (safe; 1% risk of failure)
Confirm with . or Enter, or press ? or * to list all spells.
Aiming: Vampiric Draining (safe; 1% risk of failure)
Press: ? - help, Shift-Dir - straight line, f/p - sky beast
Aim: a sky beast (moderately wounded, slightly transparent)
The sky beast is heavily wounded.
You feel life coursing into your body.
The sky beast hits you but does no damage.
The fire dragon breathes flames at you. The blast of flame hits your ufetubus!!
Your ufetubus is burned terribly!
Your ufetubus dies!
The blast of flame hits you!!!
You die...
Kikubaaqudgha rasps: "You have failed me!
Welcome... death!"

##D.#.# #.
#)#..######.#
#..#.......##
.##..#.#####.#
#.#.#..## #.
#..###.### #.
##..##..5..## #.
#.Y##.D#.#..## #.
#@##..##.##..####)
#.#..#.....#..#...
#.#.##.....##.#.}.
#.D...............
#.#.##.....##.#.).
#.#..#.....#..#..(
#(##..##.##..####.
#..##..#.#..###.(#
##(.##...[.###(###


You could see a fire dragon and a sky beast.

Vanquished Creatures
  Gastronok (D:10)
  Pikel (D:5)
  A gargoyle (D:10)
  A troll (D:10)
  A hornet (D:10)
  A hippogriff (D:7)
  4 yaks
  An acid dragon (D:10)
  A water moccasin (D:10)
  2 orc warriors
  A swamp drake (shapeshifter) (D:10)
  A sky beast (D:9)
  4 slaves (D:5)
  3 ice beasts
  A necrophage (D:10)
  2 black bears (D:6)
  2 ogres
  8 centaurs
  2 big kobolds
  8 bullfrogs
  Dowan (D:4)
  3 scorpions
  2 killer bees
  3 wights (D:5)
  6 howler monkeys
  3 crimson imps
  2 bullfrog zombies (D:10)
  A quasit (D:10)
  6 hounds
  2 jellies (D:9)
  A centaur skeleton (D:8)
  4 orc priests
  9 orc wizards
  5 iguanas
  13 worker ants
  2 hound skeletons
  Robin (D:4)
  6 adders
  9 gnolls
  3 shadow imps
  An ooze (D:1)
  3 worms
  7 leopard geckos
  32 orcs
  2 giant cockroaches
  14 goblins
  10 hobgoblins
  5 jackals
  7 quokkas
  3 ball pythons
  8 bats
  7 frilled lizards
  12 kobolds
  A quokka skeleton (D:9)
  A quokka zombie (D:6)
  6 rats
  A spectral orc (D:8)
248 creatures vanquished.

Vanquished Creatures (collateral kills)
  A troll (D:9)
  Grinder (D:4)
  A hippogriff (D:9)
  A yak (D:9)
  A wyvern (D:9)
  Menkaure (D:5)
  A water moccasin (D:7)
  Duvessa (D:4)
  An orc warrior (D:10)
  A sky beast (D:9)
  2 ogres (D:7)
  3 bullfrogs
  A wyvern zombie (D:9)
  A scorpion (D:5)
  A crimson imp (D:10)
  2 hounds
  2 orc wizards (D:5)
  An orc priest (D:9)
  2 worker ants
  2 gnolls
  2 adders
  A shadow imp (D:5)
  A dart slug (D:1)
  5 orcs
  3 hobgoblins (D:1)
  3 jackals (D:7)
  A bat (D:1)
  A frilled lizard (D:1)
  A goblin (D:1)
  6 kobolds
  A quokka skeleton (D:5)
  2 quokka zombies (D:5)
  6 rats (D:1)
60 creatures vanquished.

Vanquished Creatures (others)
  37 bushes (D:10)
37 creatures vanquished.

Grand Total: 345 creatures vanquished

Notes
Turn   | Place    | Note
-------+----------+-------------------------------------------
     0 | D:1      | FishyPogo the Demonspawn Necromancer began the quest for
                  | the Orb.
     0 | D:1      | Reached XP level 1. HP: 13/13 MP: 3/3
    71 | D:1      | Learned a level 1 spell: Animate Skeleton
   208 | D:1      | Gained mutation: You are partially covered in molten
                  | scales. (AC +2) [demonic ancestry]
   208 | D:1      | Reached XP level 2. HP: 18/19 MP: 1/5
   358 | D:1      | Reached skill level 5 in Necromancy
   462 | D:1      | Gained mutation: A weak demonic guardian rushes to your
                  | aid. [demonic ancestry]
   462 | D:1      | Reached XP level 3. HP: 25/25 MP: 3/6
   606 | D:1      | Learned a level 3 spell: Vampiric Draining
  1182 | D:2      | Found a shimmering altar of Xom.
  1482 | D:2      | Found a bloodstained altar of Trog.
  1621 | D:2      | Found a hazy altar of Hepliaklqana.
  1838 | D:2      | Reached skill level 1 in Fighting
  1928 | D:3      | Found an ancient bone altar of Kikubaaqudgha.
  1933 | D:3      | Became a worshipper of Kikubaaqudgha
  1939 | D:3      | Gained mutation: You are immune to rotting. [demonic
                  | ancestry]
  1939 | D:3      | Reached XP level 4. HP: 30/32 MP: 3/7
  2129 | D:3      | Found an iron altar of Okawaru.
  2857 | D:4      | Noticed Grinder
  2903 | D:4      | Reached XP level 5. HP: 34/37 MP: 1/9
  2983 | D:4      | Noticed Duvessa
  2989 | D:4      | Found a sacrificial altar of Ru.
  3075 | D:4      | Reached skill level 2 in Fighting
  3188 | D:4      | Noticed Robin
  3214 | D:3      | Reached * piety under Kikubaaqudgha
  3214 | D:3      | Identified Kikubaaqudgha's Handbook of Evil Secrets
                  | (Kikubaaqudgha gifted it to you on level 3 of the Dungeon)
  3214 | D:3      | Received a gift from Kikubaaqudgha
  3219 | D:3      | Learned a level 2 spell: Sublimation of Blood
  3508 | D:4      | Killed Robin
  3508 | D:4      | Reached XP level 6. HP: 38/44 MP: 2/10
  3581 | D:4      | Paralysed by Grinder for 2 turns
  3597 | D:4      | Killed Grinder
  3745 | D:4      | Noticed Dowan
  3978 | D:4      | Killed Duvessa
  3978 | D:4      | Reached skill level 3 in Fighting
  3994 | D:4      | Killed Dowan
  3994 | D:4      | Gained mutation: You have large cloven feet. [demonic
                  | ancestry]
  3994 | D:4      | Reached XP level 7. HP: 31/52 MP: 3/12
  4089 | D:5      | Entered Level 5 of the Dungeon
  4174 | D:5      | Found a glowing golden altar of the Shining One.
  4214 | D:5      | Found a blossoming altar of Fedhas.
  4217 | D:5      | Noticed Pikel
  4267 | D:5      | Killed Pikel
  4267 | D:5      | Reached skill level 4 in Fighting
  4267 | D:5      | Reached XP level 8. HP: 56/61 MP: 5/15
  4304 | D:5      | Noticed Menkaure
  4330 | D:5      | Killed Menkaure
  4465 | D:5      | Reached skill level 5 in Spellcasting
  4560 | D:5      | You fall through a shaft for 2 floors!
  4571 | D:7      | Reached skill level 5 in Dodging
  4697 | D:7      | Reached skill level 5 in Fighting
  4720 | D:7      | Noticed a hippogriff
  4734 | D:7      | Killed a hippogriff
  4734 | D:7      | Reached ** piety under Kikubaaqudgha
  4918 | D:7      | Learned a level 4 spell: Animate Dead
  5192 | D:7      | Reached skill level 6 in Fighting
  5325 | D:6      | Learned a level 3 spell: Confuse
  5403 | D:6      | Gained mutation: You have hoof-like feet. [demonic
                  | ancestry]
  5403 | D:6      | Reached XP level 9. HP: 69/69 MP: 5/18
  5414 | D:6      | Reached skill level 1 in Hexes
  5486 | D:6      | Reached skill level 1 in Evocations
  5849 | D:5      | Gained mutation: You are resistant to hostile enchantments.
                  | (MR+) [potion of mutation]
  5849 | D:5      | Gained mutation: You possess an exceptional clarity of
                  | mind. [potion of mutation]
  5849 | D:5      | Gained mutation: You are highly resistant to hostile
                  | enchantments. (MR++) [potion of mutation]
  6294 | D:5      | Reached *** piety under Kikubaaqudgha
  6294 | D:5      | Identified Kikubaaqudgha's Guide on Sinister Arts
                  | (Kikubaaqudgha gifted it to you on level 5 of the Dungeon)
  6294 | D:5      | Received a gift from Kikubaaqudgha
  6718 | D:6      | Found a sparkling altar of Nemelex Xobeh.
  6721 | D:6      | Found a staircase to the Ecumenical Temple.
  6747 | D:6      | Reached skill level 1 in Short Blades
  6973 | D:6      | Found a bloodstained altar of Trog.
  7231 | Temple   | Entered the Ecumenical Temple
  7660 | D:8      | Found a stormy altar of Qazlal.
  7664 | D:8      | Found a sacrificial altar of Ru.
  7704 | D:8      | Found a shattered altar of Ashenzari.
  7728 | D:8      | Reached skill level 7 in Fighting
  7828 | D:8      | Found Wuiluet's Assorted Antiques.
  7836 | D:8      | Bought a scroll labeled MULONISUTT for 24 gold pieces
  7836 | D:8      | Bought a scroll labeled KOHAOR MAATHRAG for 24 gold pieces
  7836 | D:8      | Bought a scroll labeled JOGHUQ YCVO for 24 gold pieces
  8129 | D:8      | Found a basalt altar of Yredelemnul.
  8192 | D:8      | Found a glowing silver altar of Zin.
  8718 | D:9      | Reached **** piety under Kikubaaqudgha
  8727 | D:9      | Reached XP level 10. HP: 27/79 MP: 1/19
  9175 | D:9      | Found a staircase to the Lair.
  9272 | D:9      | Found a deep blue altar of Sif Muna.
  9654 | D:9      | Got a scorched marble ring
  9656 | D:9      | Identified the ring of Tension {+Fly Dex+5} (You found it
                  | on level 9 of the Dungeon)
  9707 | D:9      | Reached skill level 8 in Fighting
  9784 | D:10     | Entered Level 10 of the Dungeon
  9959 | D:10     | Reached skill level 5 in Hexes
  9966 | D:10     | Learned a level 2 spell: Slow
  9989 | D:10     | Noticed a two-headed ogre
 10039 | D:10     | Noticed Gastronok
 10530 | D:10     | Noticed Urug
 10695 | D:10     | Noticed a gargoyle
 10696 | D:10     | Noticed a fire dragon
 10795 | D:10     | Found a sparkling altar of Nemelex Xobeh.
 10795 | D:10     | Noticed Fannar
 10805 | D:10     | Noticed a two-headed ogre
 11287 | D:10     | Killed Gastronok
 11287 | D:10     | Reached XP level 11. HP: 87/87 MP: 20/20
 11362 | D:10     | Reached ***** piety under Kikubaaqudgha
 11367 | D:10     | Reached skill level 5 in Short Blades
 12073 | D:10     | Got a twisted scale mail
 12075 | D:10     | Got a transparent flail
 12080 | D:10     | Got a pitted mace
 12098 | D:10     | Identified the +4 flail of the Undead {protect, Dex+2} (You
                  | found it on level 10 of the Dungeon)
 12109 | D:10     | Identified the +1 scale mail of Nihilism {rPois Dex+3} (You
                  | found it on level 10 of the Dungeon)
 12238 | D:10     | HP: 4/87 [fire dragon/blast of flame (43)]
 12244 | D:10     | Killed from afar by a fire dragon

Skill      XL: |  1  2  3  4  5  6  7  8  9 10 11 |
---------------+----------------------------------+-----
Stealth        | 2 |  2.0
Necromancy     | 5 6 7 |  7.9
Dodging        | 2 3 4 5 6 7 |  7.2
Fighting       | 1 2 3 4 6 7 8 |  8.8
Spellcasting   | 3 4 6 |  6.0
Hexes          | 4 5 6 |  6.2
Evocations     | 2 4 |  4.2
Short Blades   | 2 4 5 |  5.1
Maces & Flails | |  0.1

Action                   |  1- 3 |  4- 6 |  7- 9 | 10-12 || total
-------------------------+-------+-------+-------+-------++-------
Melee: Club              |    67 |    17 |       |       ||    84
       Flail             |       |     7 |       |       ||     7
       Dagger            |       |    43 |   330 |   213 ||   586
       Kick              |       |       |    76 |    60 ||   136
Throw: Stone             |     1 |       |       |       ||     1
 Cast: Pain              |    53 |    71 |   119 |    95 ||   338
       Animate Skeleton  |    19 |     6 |    14 |     6 ||    45
       Vampiric Draining |     3 |    12 |    62 |    61 ||   138
       Animate Dead      |       |       |     7 |     5 ||    12
       Confuse           |       |       |     4 |    16 ||    20
       Slow              |       |       |       |     6 ||     6
  Use: Potion            |       |     3 |     3 |     3 ||     9
       Scroll            |       |       |     7 |     4 ||    11
 Stab: Sleeping          |       |     6 |     2 |     2 ||    10
       Distracted        |       |       |     1 |     3 ||     4
       Confused          |       |       |       |     1 ||     1
  Eat: Chunk             |    35 |     6 |    19 |    17 ||    77
Armor: Robe              |    21 |    17 |   106 |    58 ||   202
       Skin              |       |       |       |     1 ||     1
Dodge: Dodged            |    53 |    49 |   241 |   247 ||   590
